 Dungeon Crawl Stone Soup version 0.28.0-43-g3370ac3207 (webtiles) character file.

Game seed: 270784361131069926

213 Iusername the Covered (level 5, -1/47 HPs)
             Began as a Minotaur Fighter on Apr 1, 2022.
             Was a Believer of Fedhas.
             Slain by Duvessa
             ... wielding a +0 vampiric short sword
              (10 damage)
             ... on level 4 of the Dungeon.
             The game lasted 00:15:20 (2614 turns).

Iusername the Covered (Minotaur Fighter)            Turns: 2614, Time: 00:15:41

Health: -1/47      AC:  9    Str: 22    XL:     5   Next: 59%
Magic:  4/4        EV:  9    Int:  7    God:    Fedhas [**....]
Gold:   108        SH:  4    Dex: 10    Spells: 4/4 levels left

rFire   . . .      SeeInvis .   r - +2 hand axe (vorpal)
rCold   + . .      Faith    .   c - +0 buckler
rNeg    . . .      Spirit   .   b - +0 scale mail
rPois   .          Reflect  .   (helmet restricted)
rElec   .          Harm     .   (no cloak)
rCorr   .          Rampage  .   (no gloves)
Will    .....                   (no boots)
Stlth   ..........              (no amulet)
HPRegen 0.95/turn               q - ring of protection from cold
MPRegen 0.09/turn               (no ring)

@: lethally poisoned (-1 -> -2), lit by a corona, glowing
A: horns 2, retaliatory headbutt, claws 1, iridescent scales 1, clever 1,
regeneration 1
a: Renounce Religion, Wall of Briars


You were on level 4 of the Dungeon.
You worshipped Fedhas.
Fedhas was pleased with you.
You visited 1 branch of the dungeon, and saw 4 of its levels.

You collected 108 gold pieces.

Inventory:

Hand Weapons
 a - a +0 trident
 r - a +2 vorpal hand axe (weapon)
Armour
 b - a +0 scale mail (worn)
 c - a +0 buckler (worn)
Magical Staves
 f - a staff of earth
 i - a staff of death
Jewellery
 q - a ring of protection from cold (left claw)
Wands
 m - a wand of paralysis (9)
Scrolls
 d - a scroll of identify
 k - a scroll of teleportation {unknown}
 l - a scroll of fear {unknown}
 n - a scroll of immolation {unknown}
 o - a scroll of blinking {unknown}
 p - a scroll of enchant weapon {unknown}
 s - a scroll of noise {unknown}
Potions
 g - a potion of lignification {unknown}
 h - a potion of flight {unknown}


   Skills:
 + Level 4.5 Fighting
 + Level 0.5(2.7) Axes
 + Level 4.4 Polearms
 + Level 5.3 Armour
 + Level 0.6 Dodging
 + Level 0.1 Stealth
 + Level 4.3 Shields


You had 4 spell levels left.
You didn't know any spells.
Your spell library contained the following spells:

 Spells                   Type           Power      Damage    Failure   Level
 Foxfire                  Conj/Fire      0%         2x1d4     83%         1
 Blink                    Tloc           0%         N/A       92%         2
 Conjure Flame            Conj/Fire      0%         6-21      99%         3
 Inner Flame              Hex/Fire       0%         N/A       99%         3
 Lesser Beckoning         Tloc           0%         N/A       99%         3
 Flame Wave               Conj/Fire      0%         2d4       100%        4
 Manifold Assault         Tloc           0%         N/A       100%        5


Dungeon Overview and Level Annotations

Branches:
Dungeon (4/15)
 Temple: D:4-7

Altars:
Fedhas
Gozag
Nemelex Xobeh
Yredelemnul

Annotations:
D:4 Duvessa


Innate Abilities, Weirdness & Mutations

You have a pair of horns on your head.
You reflexively headbutt those who attack you in melee.
You have sharp fingernails.
You are partially covered in iridescent scales. (AC +2)
Your mind is acute. (Int +2)
Your natural rate of healing is unusually fast.


Message History

You hit Dowan.
Dowan is severely wounded.
You barely miss Duvessa.
You feel very sick.
Duvessa hits you with a +0 vampiric short sword!
Dowan gestures at you while chanting. The puff of frost hits you. You resist.
You feel better.
Dowan casts a spell at Duvessa.
Duvessa seems to speed up.
Duvessa hits you with a +0 vampiric short sword!
* * * LOW HITPOINT WARNING * * *
You feel better. Duvessa closely misses you. You furiously retaliate!
You headbutt Duvessa. Dowan hits you but does no damage.
You are poisoned.
You hit Dowan but do no damage.
Dowan is severely wounded.
You hit Duvessa but do no damage.
You feel very sick.
Duvessa hits you with a +0 vampiric short sword.
* * * LOW HITPOINT WARNING * * *
Duvessa closely misses you. You block Dowan's attack.
You hit Dowan. You headbutt Dowan.
You kill Dowan!
Fedhas appreciates your contribution to the ecosystem.
Duvessa screams, "No!
How DARE you!"
Duvessa goes berserk!
You hit Duvessa.
You feel very sick. Duvessa closely misses you. You furiously retaliate!
You headbutt Duvessa.
Duvessa hits you with a +0 vampiric short sword.
* * * LOW HITPOINT WARNING * * *
Duvessa draws strength from your wounds!
It was a potion of mutation.
You feel extremely strange.
You begin to heal more quickly.
Your fingernails lengthen.
Iridescent scales grow over part of your body.
You feel clever.
You feel sick.
Duvessa hits you with a +0 vampiric short sword!
You die...
Fedhas appreciates your contribution to the ecosystem.

#.# #.# #.#
#.#
########.#
#.#
###........#
#.#
.##.########
#.# .##.##
#.# .#.#.##
#.# ..###.#
#######>####
##.#.##
#......@e..#
....##
#.#####)##.#
###.# #.# #
#.# #.# #.#
#.# ###.#
#.# ....#
#.# ###.#
.#. #.#


You could see Duvessa (berserk, fast).

Vanquished Creatures
  A scorpion (D:4)
  Dowan (D:4)
  An iguana (D:4)
  A gnoll (D:1)
  2 adders (D:2)
  A dart slug (D:1)
  3 endoplasms
  4 goblins
  3 hobgoblins
  7 jackals (D:3)
  3 kobolds
  5 quokkas
  7 ball pythons
  3 bats
  A frilled lizard (D:2)
  A rat (D:3)
44 creatures vanquished.

Notes
Turn   | Place    | Note
-------+----------+-------------------------------------------
     0 | D:1      | Iusername the Minotaur Fighter began the quest for the Orb.
     0 | D:1      | Reached XP level 1. HP: 19/19 MP: 0/0
    28 | D:1      | Reached XP level 2. HP: 3/27 MP: 1/1
    30 | D:1      | Found a faded altar of an unknown god.
    45 | D:1      | Prayed at the altar of an unknown god.
    45 | D:1      | Became a worshipper of Fedhas Madash
    45 | D:1      | Reached * piety under Fedhas
   305 | D:1      | Reached skill level 4 in Armour
   838 | D:2      | Reached XP level 3. HP: 29/33 MP: 2/2
  1872 | D:3      | Found a basalt altar of Yredelemnul.
  1995 | D:3      | Reached ** piety under Fedhas
  2011 | D:3      | Reached XP level 4. HP: 37/40 MP: 3/3
  2224 | D:3      | Found an opulent altar of Gozag.
  2224 | D:3      | Found a sparkling altar of Nemelex Xobeh.
  2285 | D:4      | Noticed a scorpion
  2289 | D:4      | Killed a scorpion
  2335 | D:4      | Reached skill level 5 in Armour
  2335 | D:4      | Reached XP level 5. HP: 20/47 MP: 4/4
  2603 | D:4      | Noticed Dowan
  2604 | D:4      | Noticed Duvessa
  2613 | D:4      | Killed Dowan
  2614 | D:4      | Gained mutation: Your natural rate of healing is unusually
                  | fast. [potion of mutation]
  2614 | D:4      | Gained mutation: You have sharp fingernails. [potion of
                  | mutation]
  2614 | D:4      | Gained mutation: You are partially covered in iridescent
                  | scales. (AC +2) [potion of mutation]
  2614 | D:4      | Gained mutation: Your mind is acute. (Int +2) [potion of
                  | mutation]
  2614 | D:4      | Slain by Duvessa

Illustrated notes

Levels and vault maps discovered:
D:1:      co_arrival_two_rings, layout_basic, shapermc_ecumenical_altar_venn
D:2:      layout_basic
D:3:      layout_rooms, amcnicky_altar_gilded, grunt_temple_overflow_opulence
D:4:      layout_loops_ring, temple_fountains, gup_sewer_entry_pipe,
          uniq_blork_the_orc, uniq_duvessa

Skill      XL: |  1  2  3  4 |
---------------+-------------+-----
Shields        | 4 |  4.3
Armour         | 4 5 |  5.3
Polearms       | 3 4 |  4.4
Fighting       | 4 |  4.5
Axes           | |  0.5
Dodging        | |  0.6
Stealth        | |  0.1

Action                   |  1- 3 |  4- 6 || total
-------------------------+-------+-------++-------
Melee: Trident           |    71 |    13 ||    84
       Headbutt          |     9 |     5 ||    14
       Hand axe          |       |    16 ||    16
  Use: Potion            |     1 |     3 ||     4
       Scroll            |       |     1 ||     1
Armor: Scale mail        |    32 |    12 ||    44
Dodge: Dodged            |    52 |    13 ||    65
Block: Buckler           |    19 |     5 ||    24
